 Dungeon Crawl Stone Soup version 0.27-a0-1149-g4505690ab0 (webtiles) character file.

Game seed: 17875328083358314982

39 wakim the Cutter (level 3, -3/23 HPs)
             Began as a Kobold Fighter on May 14, 2021.
             Killed from afar by an orc wizard (5 damage)
             ... with a magic dart
             ... on level 1 of the Dungeon.
             The game lasted 00:04:32 (2153 turns).

wakim the Cutter (Kobold Fighter)                   Turns: 2153, Time: 00:04:32

Health: -3/23      AC:  5    Str: 13    XL:     3   Next: 70%
Magic:  3/3        EV: 12    Int:  9    God:
Gold:   103        SH:  0    Dex: 15    Spells: 2/2 levels left

rFire    + . .     SeeInvis .   a - +0 rapier
rCold    + . .     Faith    .   c - +0 buckler
rNeg     . . .     Spirit   .   f - +0 ring mail
rPois    +         Reflect  .   (no helmet)
rElec    +         Harm     .   (no cloak)
rCorr    +         Rampage  .   (no gloves)
Will     .....                  (no boots)
Stlth    +.........             (no amulet)
HPRegen  0.07/turn              (no ring)
MPRegen  0.08/turn              (no ring)

@: confused, resistant, very slightly contaminated, invisible
A: small, no large weapons, nightstalker 3
a: no special abilities


You were on level 1 of the Dungeon.
You visited 1 branch of the dungeon, and saw 2 of its levels.

You collected 103 gold pieces.

Inventory:

Hand Weapons
 a - a +0 rapier (weapon)
Armour
 c - a +0 buckler (worn)
 f - a +0 ring mail (worn)
Potions
 H - 2 potions of haste
 N - a potion of might


   Skills:
 + Level 3.5 Fighting
 * Level 3.6 Short Blades
 - Level 2.4 Armour
 + Level 1.0 Dodging
 * Level 2.1 Stealth
 + Level 2.6 Shields


You had 2 spell levels left.
You didn't know any spells.
Your spell library was empty.

Dungeon Overview and Level Annotations

Branches:
Dungeon (2/15)

Altars:

Shops:
D:1 *


Innate Abilities, Weirdness & Mutations

You are small and have problems with some larger weapons.
You are completely attuned to the shadows.


Message History

There is a stone staircase leading down here.
Something hits you but does no damage.
Deactivating autopickup; reactivate with Ctrl-A.
Things that are here:
a +0 short sword; an orc corpse
Okay, then.
You hear some strange, mumbled words.
Something tries to affect you, but you resist.
Unknown command.
An orc wizard appears from thin air!
Reactivating autopickup.
The orc wizard points at you and mumbles some strange words.
You are confused.
It was a potion of invisibility.
You fade into invisibility!
You are very lightly contaminated with residual magic.
It was a potion of resistance.
You feel protected.
The orc wizard gestures at something while chanting.
You resist with significant effort.
The orc wizard points at you and mumbles some strange words.
You are more confused.
You closely miss the orc wizard.
The orc wizard is heavily wounded.
The orc wizard closely misses you.
You bump into the rock wall.
The orc wizard points at you and mumbles some strange words.
You resist with significant effort.
You closely miss the orc wizard.
The orc wizard is heavily wounded.
The orc wizard barely misses you.
You closely miss the orc wizard.
The orc wizard is heavily wounded.
The orc wizard closely misses you.
You bump into the rock wall.
The orc wizard misses you.
You miss the orc wizard.
The orc wizard is heavily wounded.
The orc wizard points at you and mumbles some strange words.
The magic dart hits you.
You die...

.#.# .#.# .#.#
.#.# .#.#
########### .#.#
#.........# .#.#
#.#######.#
##.#####.# #.#
.#.#.....# #@#
.#.#.....##### #o#
.#.#.........# #.#
##.#.........# #.#
.............###)#
................>#
...#.........#.###
##...........#.#
#.......#####.#


You could see an orc wizard.

Vanquished Creatures
  2 worms (D:2)
  3 orcs
  5 endoplasms
  3 giant cockroaches
  A goblin (D:1)
  A hobgoblin (D:1)
  2 jackals (D:2)
  A quokka (D:2)
  2 ball pythons (D:1)
  2 bats (D:1)
  2 frilled lizards
  A kobold (D:1)
  3 rats
28 creatures vanquished.

Notes
Turn   | Place    | Note
-------+----------+-------------------------------------------
     0 | D:1      | wakim the Kobold Fighter began the quest for the Orb.
     0 | D:1      | Reached XP level 1. HP: 14/14 MP: 1/1
   325 | D:1      | Reached skill level 1 in Stealth
   325 | D:1      | Reached XP level 2. HP: 19/19 MP: 2/2
   339 | D:1      | Found Awairoor's General Store.
   501 | D:1      | Found a faded altar of an unknown god.
  1374 | D:2      | Reached XP level 3. HP: 18/23 MP: 3/3
  1719 | D:2      | Reached skill level 1 in Dodging
  2136 | D:2      | HP: 1/23 [something/magic dart (7)]
  2153 | D:1      | Killed from afar by an orc wizard

Illustrated notes

Levels and vault maps discovered:
D:1:      mrwooster_arrival_arrow, layout_basic, serial_shops, shop,
          ebering_ecumenical_altar_rust
D:2:      layout_basic, chequers_arboretum, minmay_misc_feat_five, st_stairs_14

Skill      XL: |  1  2  3 |
---------------+----------+-----
Short Blades   | 3 |  3.6
Stealth        | 1 2 |  2.1
Dodging        | 1 |  1.0
Fighting       | |  3.5
Armour         | |  2.4
Shields        | |  2.6

Action                   || total
-------------------------++-------
Melee: Rapier            ||   103
  Use: Scroll            ||     6
       Potion            ||     2
 Stab: Sleeping          ||     5
Armor: Ring mail         ||    21
Dodge: Dodged            ||    41
Block: Buckler           ||    18

Table legend: (Time is in decaauts)
 A = Elapsed time spent in this place.
 B = Non-inter-level travel time spent in this place.
 C = Inter-level travel time spent in this place.
 D = Time resting spent in this place.
 E = Time spent auto-exploring this place.
 F = Levels seen in this place.
 G = Mean time per level.
                   A        B        C        D        E       F      G
               +--------+--------+--------+--------+--------+-----+--------+
         Total |   2162 |   2124 |     38 |     40 |   1677 |   2 | 1081.0 |
       Dungeon |   2162 |   2124 |     38 |     40 |   1677 |   2 | 1081.0 |
               +--------+--------+--------+--------+--------+-----+--------+

Top non-repeatable levels by time:
     D:1: 1285 daAuts
     D:2: 876 daAuts
